 Dungeon Crawl Stone Soup version 0.32-a0-909-gc671339a80 (webtiles) character file.

Game seed: 12114011943438917730

4589 Heh the Cleaver (level 10, 0/74 HPs)
             Began as a Coglin Fighter on Apr 7, 2024.
             Was a Priest of Beogh.
             Slain by Bogward the orc apostle
             ... wielding a +3 war axe of flaming
              (4 damage)
             ... on level 7 of the Dungeon.
             The game lasted 00:18:01 (8035 turns).

Heh the Cleaver (Coglin Fighter)                    Turns: 8035, Time: 00:18:02

Health: 0/74       AC: 16    Str: 22    XL:     10   Next: 41%
Magic:  10/10      EV:  7    Int:  7    God:    Beogh [***...]
Gold:   419        SH:  0    Dex: 13    Spells: 9/9 levels left

rFire   . . .        g - +5 broad axe {Xiloxoch}
rCold   . . .        i - +1 broad axe {Titus}
rNeg    + . .        e - +1 chain mail {Will+}
rPois   .            (no helmet)
rElec   .            n - scarf {repulsion}
rCorr   +            s - +2 pair of gloves "Dipusm" {rN+ rCorr}
SInv    +            q - +1 pair of boots
Will    +....        (amulet unavailable) Stlth
                     (ring unavailable)
HPRegen 0.32/turn    (ring unavailable)
MPRegen 0.12/turn    (no gizmo)

%: repel missiles
@: revved
A: off-hand wielding, slow wielding, warmup strikes, no jewellery, see
invisible, inability to drink after injury 1, MP-powered wands
a: Invent Gizmo, Renounce Religion, Smiting


You were on level 7 of the Dungeon.
You worshipped Beogh.
Beogh was most pleased with you.
You visited 1 branch of the dungeon, and saw 7 of its levels.
You also visited: Bailey.

You collected 419 gold pieces.

Inventory:

Hand Weapons
 a - a +0 war axe {Cortez}
 f - a +0 hand axe {Navbir}
 g - a +5 broad axe (weapon) {Xiloxoch}
 i - a +1 broad axe (offhand) {Titus}
 w - a +2 vampiric falchion {Jin}
 y - a +2 dagger of venom
 B - a +0 scimitar of holy wrath
 L - a +0 battleaxe of freezing
 N - the +3 morningstar of Xolos {drain, Dex+3}
   (You found it in a bailey)

   Dex+3:     It affects your dexterity (+3).
Missiles
 m - 7 poisoned darts (quivered)
 I - a throwing net
Armour
 b - a +0 scale mail
 c - a +0 buckler
 e - a +1 chain mail of willpower (worn)
 j - a +0 helmet
 k - a +0 pair of gloves
 n - a scarf of repulsion (worn)
 o - a +0 chain mail
 p - a +0 plate armour
 q - a +1 pair of boots (worn)
 s - the +2 pair of gloves "Dipusm" (worn) {rN+ rCorr}
   (You acquired it in a bailey)

   rN+:       It protects you from negative energy.
   rCorr:     It protects you from acid and corrosion.
 t - a +0 ring mail
 A - a +0 plate armour
Wands
 d - a wand of flame (21)
Scrolls
 h - a scroll of enchant weapon
 r - 3 scrolls of teleportation
 D - 5 scrolls of fog
 K - a scroll of amnesia
Potions
 l - a potion of haste
 v - a potion of degeneration
 x - 2 potions of attraction {unknown}
 z - a potion of enlightenment
 C - a potion of brilliance {unknown}
 E - a potion of ambrosia
 F - 3 potions of curing {unknown}
 G - 4 potions of lignification
 H - a potion of invisibility
 J - 3 potions of magic {unknown}
 M - a potion of experience {unknown}


   Skills:
 + Level 5.4 Fighting
 * Level 13.5 Axes
 + Level 4.9 Armour
 - Level 2.1 Shields


You had 9 spell levels left.
You didn't know any spells.
Your spell library contained the following spells:

 Spells                   Type           Power      Damage    Failure   Level
 Apportation              Tloc           0%         N/A       96%         1
 Magic Dart               Conj           0%         1d3       96%         1
 Necrotise                Necr           0%         1d4       96%         1
 Sting                    Conj/Alch      0%         1d3       96%         1
 Summon Small Mammal      Summ           0%         N/A       96%         1
 Blink                    Tloc           0%         N/A       99%         2
 Call Imp                 Summ           0%         N/A       99%         2
 Animate Dead             Necr           0%         N/A       100%        4
 Ignite Poison            Fire/Alch      0%         N/A       100%        4
 Sticky Flame             Fire/Alch      0%         2d4       100%        4
 Alistair's Intoxication  Alch           0%         N/A       100%        5
 Borgnjor's Vile Clutch   Necr/Erth      0%         N/A       100%        5
 Eringya's Noxious Bog    Alch           0%         4d6       100%        6
 Haunt                    Necr/Summ      0%         N/A       100%        7
 Ignition                 Fire           0%         3d3       100%        8
 Infestation              Necr           0%         N/A       100%        8


Dungeon Overview and Level Annotations

Branches:
Dungeon (7/15)             Bailey (visited)
 Temple: D:4-7

Altars:
Ashenzari
Cheibriados
Fedhas
Gozag
Hepliaklqana
Ru
Uskayaw
Vehumet
Xom

Shops:
D:2 *

Annotations:
D:4 2 transporters, redsdead's ghost, amateur OpSh


Innate Abilities, Weirdness & Mutations

Your facial features look somewhat orcish.
You can wield a second weapon in your off-hand.
It takes a long time for you to wield or remove held weapons.
Your first few attacks do less damage.
You cannot equip rings or amulets.
You have supernaturally acute eyesight. (SInv)
You occasionally lose the ability to drink potions when taking damage.
You expend magic power (3 MP) to strengthen your wands.


Message History

The cerulean imp hits you but does no damage.
Bogward hits you but does no damage.
You closely miss Bogward with your +5 broad axe.
Bogward is severely wounded.
You hit the cerulean imp with your +5 broad axe.
You closely miss Bogward with your +1 broad axe.
You hit the cerulean imp but do no damage.
The cerulean imp hits you but does no damage. x2
You hit Bogward but do no damage.
Bogward is severely wounded.
You slice the cerulean imp with your +5 broad axe!!
You kill the cerulean imp!
The cerulean imp disappears in a puff of smoke!
You hit Bogward but do no damage.
Bogward hits you with a +3 war axe of flaming!
* * * LOW HITPOINT WARNING * * *
Bogward burns you.
* * * LOW HITPOINT WARNING * * *
The cerulean imp hits you but does no damage.
You feel much better.
Bogward hits you with a +3 war axe of flaming!
* * * LOW HITPOINT WARNING * * *
Bogward burns you.
* * * LOW HITPOINT WARNING * * *
The cerulean imp hits you from afar with a +0 spear.
* * * LOW HITPOINT WARNING * * *
You feel much better.
Bogward mumbles some strange prayers to Beogh against you.
Beogh smites you!
* * * LOW HITPOINT WARNING * * *
The cerulean imp hits you from afar with a +0 spear.
* * * LOW HITPOINT WARNING * * *
You slash Bogward with your +1 broad axe!
Bogward is heavily wounded.
You slash Bogward with your +5 broad axe!
Bogward hits you with a +3 war axe of flaming!
* * * LOW HITPOINT WARNING * * *
Bogward burns you.
You die...
Beogh appreciates Bogward's killing of a heretic priest.

........)#.....
................
#.#.#....)#..##.
#.#.##>..##..#..
............... ###
#.###..#.##.... #.#
#.# #..........
#.#####.###<##.##..#.
#..ยง@o5.....# #....
#######.##..## #...#
#.##..##.##...#
#.##...........
#.##.###.##.#..
#........##....
####.########.. #.#
#.. #.# #..


You could see Bogward the orc apostle (regenerating, divinely empowered) and a
cerulean imp (summoned).

Vanquished Creatures
  An orc warlord (Bailey)
  Pikel (D:4)
  An orc knight (Bailey)
  Prince Ribbit (D:7)
  3 water moccasins
  9 orc warriors (Bailey)
  2 ice beasts
  2 ogres
  A centaur (D:7)
  2 phantoms
  3 lemures (D:4)
  3 bullfrogs
  A scorpion (D:6)
  3 wights (D:7)
  2 bombardier beetles
  A hound (D:6)
  A jelly (D:4)
  An orc priest (D:4)
  4 gnoll boudas
  2 sleepcaps (D:6)
  Natasha (thrice) (D:4)
  An iguana (D:6)
  4 orc wizards
  19 gnolls
  8 adders
  A shadow imp (D:6)
  A white imp (D:6)
  8 ufetubi
  3 dart slugs
  2 ribbon worms
  10 orcs
  7 bats
  6 endoplasms
  2 giant cockroaches
  18 goblins
  11 hobgoblins
  A quokka (D:2)
  8 ball pythons
  4 frilled lizards
  2 kobolds (D:4)
  6 rats
169 creatures vanquished.

Vanquished Creatures (others)
  2 orc warriors
  An orc wizard (D:2)
  3 orcs (Bailey)
  2 hobgoblins (Bailey)
  A frilled lizard (D:3)
  A goblin (Bailey)
10 creatures vanquished.

Grand Total: 179 creatures vanquished

Notes
Turn   | Place    | Note
-------+----------+-------------------------------------------
     0 | D:1      | Heh the Coglin Fighter began the quest for the Orb.
     0 | D:1      | Reached XP level 1. HP: 18/18 MP: 1/1
   374 | D:1      | Reached XP level 2. HP: 24/24 MP: 2/2
   543 | D:1      | Reached skill level 3 in Axes
   756 | D:2      | Found a faded altar of an unknown god.
   798 | D:2      | Reached XP level 3. HP: 26/29 MP: 3/3
   917 | D:2      | Found a hazy altar of Hepliaklqana.
  1267 | D:2      | Reached skill level 4 in Axes
  1340 | D:2      | Reached XP level 4. HP: 34/35 MP: 4/4
  1428 | D:2      | Found Vurapn's General Store.
  1484 | D:2      | Reached skill level 5 in Axes
  1484 | D:2      | Reached XP level 5. HP: 14/41 MP: 5/5
  1890 | D:3      | Found a radiant altar of Vehumet.
  1902 | D:3      | Became a worshipper of Beogh the Shepherd
  2560 | D:4      | Noticed a water moccasin
  2560 | D:4      | Noticed an orc warrior
  2706 | D:4      | Reached * piety under Beogh
  2850 | D:4      | Noticed an ice beast
  2860 | D:4      | Killed an ice beast
  2861 | D:4      | Reached skill level 6 in Axes
  2861 | D:4      | Reached XP level 6. HP: 37/47 MP: 6/6
  2905 | D:4      | Found a snail-covered altar of Cheibriados.
  2926 | D:4      | Killed a water moccasin
  2927 | D:4      | Reached skill level 7 in Axes
  2928 | D:4      | Reached XP level 7. HP: 10/52 MP: 7/7
  3258 | D:4      | Reached skill level 8 in Axes
  3544 | D:4      | Found a transporter.
  3544 | D:4      | Noticed redsdead's ghost (amateur OpSh)
  3865 | D:4      | Noticed Pikel
  3879 | D:4      | Killed Pikel
  3880 | D:4      | Reached skill level 9 in Axes
  3880 | D:4      | Reached XP level 8. HP: 27/58 MP: 8/8
  4105 | D:4      | Noticed Natasha
  4110 | D:4      | Killed Natasha
  4313 | D:4      | Noticed Natasha
  4322 | D:4      | Killed Natasha
  4606 | D:4      | Noticed Natasha
  4618 | D:4      | Killed Natasha
  4619 | D:4      | Reached skill level 10 in Axes
  4698 | D:4      | Found a transporter.
  4733 | D:4      | Found a broken altar of Ashenzari.
  4763 | D:4      | Found an opulent altar of Gozag.
  4828 | D:5      | Entered Level 5 of the Dungeon
  5574 | D:6      | Reached skill level 11 in Axes
  5799 | D:6      | Reached XP level 9. HP: 63/63 MP: 9/9
  5861 | D:6      | Found a shimmering altar of Xom.
  6165 | D:6      | Reached ** piety under Beogh
  6172 | D:6      | Reached skill level 12 in Axes
  6175 | D:6      | Found a hide-covered altar of Uskayaw.
  6215 | D:6      | Found a sacrificial altar of Ru.
  6296 | D:6      | Identified the +0 leather armour of Quick Life {-Tele
                  | Regen+ Str+4 SInv}
  6963 | D:7      | Found a blossoming altar of Fedhas.
  7019 | D:7      | Found a flagged portal.
  7034 | Bailey   | Entered a bailey
  7297 | Bailey   | Reached *** piety under Beogh
  7355 | Bailey   | HP: 2/66 [orc warrior/+0 broad axe (8)]
  7393 | Bailey   | Reached XP level 10. HP: 28/73 MP: 10/10
  7587 | Bailey   | Noticed an orc knight
  7595 | Bailey   | Reached skill level 13 in Axes
  7599 | Bailey   | Gained mutation: You occasionally lose the ability to drink
                  | potions when taking damage. [potion of mutation]
  7599 | Bailey   | Gained mutation: Your mind is acute. (Int +4, Str/Dex -1)
                  | [potion of mutation]
  7599 | Bailey   | Gained mutation: Your muscles are strong. (Str +4, Int/Dex
                  | -1) [potion of mutation]
  7605 | Bailey   | Killed an orc knight
  7817 | Bailey   | Noticed an orc warlord
  7820 | Bailey   | Lost mutation: Your mind is acute. (Int +4, Str/Dex -1)
                  | [potion of mutation]
  7820 | Bailey   | Lost mutation: You occasionally lose the ability to drink
                  | potions when taking damage. [potion of mutation]
  7820 | Bailey   | Lost mutation: Your muscles are strong. (Str +4, Int/Dex
                  | -1) [potion of mutation]
  7820 | Bailey   | Gained mutation: You have a somewhat thin skeletal
                  | structure. (Dex +2, Stealth+) [potion of mutation]
  7820 | Bailey   | Gained mutation: Your magical capacity is low. (-10% MP)
                  | [potion of mutation]
  7820 | Bailey   | Gained mutation: You passively map a small area around you.
                  | [potion of mutation]
  7821 | Bailey   | Lost mutation: You passively map a small area around you.
                  | [potion of mutation]
  7821 | Bailey   | Lost mutation: You have a somewhat thin skeletal structure.
                  | (Dex +2, Stealth+) [potion of mutation]
  7821 | Bailey   | Lost mutation: Your magical capacity is low. (-10% MP)
                  | [potion of mutation]
  7821 | Bailey   | Gained mutation: You have supernaturally acute eyesight.
                  | (SInv) [potion of mutation]
  7821 | Bailey   | Gained mutation: You have a pair of small horns on your
                  | head. [potion of mutation]
  7821 | Bailey   | Gained mutation: You are strong-willed. (Will+) [potion of
                  | mutation]
  7830 | Bailey   | Lost mutation: You are strong-willed. (Will+) [potion of
                  | mutation]
  7830 | Bailey   | Lost mutation: You have a pair of small horns on your head.
                  | [potion of mutation]
  7830 | Bailey   | Gained mutation: You occasionally lose the ability to drink
                  | potions when taking damage. [potion of mutation]
  7830 | Bailey   | Gained mutation: You expend magic power (3 MP) to
                  | strengthen your wands. [potion of mutation]
  7837 | Bailey   | Reached skill level 5 in Fighting
  7838 | Bailey   | Killed an orc warlord
  7895 | Bailey   | Identified the +3 morningstar of Xolos {drain, Dex+3}
  7897 | Bailey   | Acquired the +2 pair of gloves "Dipusm" {rN+ rCorr}
  7987 | D:7      | Noticed Prince Ribbit
  7993 | D:7      | Killed Prince Ribbit
  8018 | D:7      | Noticed Bogward
  8035 | D:7      | Slain by Bogward the orc apostle

Illustrated notes

Levels and vault maps discovered:
D:1:      lightli_arrival_farm, layout_loops_ring
D:2:      layout_basic, basic_altar, serial_shops, nicolae_shop_statue_plus,
          nicolae_ecumenical_oubliette
D:3:      layout_loops_ring, vehumet_crystals, serial_forest,
          infiniplex_forest_3_way, infiniplex_forest_corner_1,
          infiniplex_forest_clump_C, infiniplex_forest_split,
          infiniplex_forest_corner_2, infiniplex_forest_clump_long,
          infiniplex_forest_end_2, chequers_serial_rivers_micro_b,
          saegor_snake_ambush
D:4:      layout_layer_cave, mainiacjoe_overflow_two_lobes, slow_altar_2,
          gammafunk_ghost_mausoleum, serial_library_hellmonk_double_dead_end,
          uniq_pikel, uniq_natasha
D:5:      layout_cave_pools, serial_column_ruins, column_ruins_hut_pillars,
          column_ruins_grid_1, column_ruins_open_large,
          column_ruins_corridor_straight, column_ruins_grid_3,
          column_ruins_corridor_dead_end
D:6:      layout_basic, jmf_multi_god_temple2, mainiacjoe_overflow_paths
D:7:      layout_loops_ring, fedhas_altar_fruit_tree, temple_green,
          ebering_ghost_reflecting_pool, serial_shops, shop,
          lightli_bailey_entry_fortress, nicolae_grassy_gnolls,
          uniq_prince_ribbit1, uniq_crazy_yiuf_cottage

Skill      XL: |  1  2  3  4  5  6  7  8  9 10 |
---------------+-------------------------------+-----
Axes           | 3 4 5 6 7 9 11 12 13 | 13.5
Armour         | 4 |  4.9
Fighting       | 4 5 |  5.4
Shields        | |  2.1

Action                     |  1- 3 |  4- 6 |  7- 9 | 10-12 || total
---------------------------+-------+-------+-------+-------++-------
  Melee: War axe           |    88 |   100 |   275 |    30 ||   493
         Falchion          |       |    41 |    25 |       ||    66
         Hand axe          |       |       |   239 |       ||   239
         Broad axe         |       |       |       |    62 ||    62
         Headbutt          |       |       |       |     1 ||     1
  Throw: Dart              |       |     2 |    10 |     2 ||    14
 Invoke: Convert to Beogh  |       |     1 |       |       ||     1
  Evoke: Wand              |       |       |     1 |     5 ||     6
    Use: Potion            |       |     2 |     4 |    10 ||    16
         Scroll            |       |       |    13 |     3 ||    16
   Stab: Invisible         |       |       |     2 |       ||     2
 Armour: Scale mail        |    66 |       |       |       ||    66
         Chain mail        |    27 |   128 |   116 |    51 ||   322
         Plate armour      |       |       |   167 |       ||   167
  Dodge: Dodged            |    48 |    44 |    71 |    13 ||   176
         Repelled          |     1 |     5 |     4 |       ||    10
  Block: Buckler           |    28 |    13 |       |       ||    41

Table legend: (Time is in decaauts)
 A = Elapsed time spent in this place.
 B = Non-inter-level travel time spent in this place.
 C = Inter-level travel time spent in this place.
 D = Time resting spent in this place.
 E = Time spent auto-exploring this place.
 F = Levels seen in this place.
 G = Mean time per level.
                   A        B        C        D        E       F      G
               +--------+--------+--------+--------+--------+-----+--------+
         Total |   8073 |   7538 |    535 |    694 |   5316 |   8 | 1009.1 |
       Dungeon |   7182 |   6647 |    535 |    410 |   5057 |   7 | 1026.0 |
        Bailey |    891 |    891 |      0 |    284 |    259 |   1 |  891.0 |
               +--------+--------+--------+--------+--------+-----+--------+

Top non-repeatable levels by time:
     D:4: 1926 daAuts
     D:3: 1190 daAuts
     D:6: 1095 daAuts
     D:2: 1016 daAuts
  Bailey: 891 daAuts
     D:1: 806 daAuts
     D:7: 592 daAuts
     D:5: 553 daAuts
